 Dungeon Crawl Stone Soup version 0.27.1-4-g1640c2035a (webtiles) character file.

Game seed: 8055044259888948865

2655 AarnesTheHuman the Geomancer (level 9, -2/48 HPs)
             Began as a Gargoyle Earth Elementalist on Nov 3, 2021.
             Was a Follower of Hepliaklqana.
             Killed from afar by a starcursed mass (9 damage)
             ... with an accursed screaming
             ... on level 1 of the Abyss.
             The game lasted 00:30:03 (11303 turns).

AarnesTheHuman the Geomancer (GrEE)                Turns: 11303, Time: 00:30:04

Health: -2/48      AC: 21    Str: 19    XL:     9   Next: 62%
Magic:  16/16      EV: 10    Int: 16    God:    Hepliaklqana [*.....]
Gold:   236        SH:  5    Dex: 16    Spells: 11/17 levels left

rFire    + + +     SeeInvis .   y - +2 morningstar (holy)
rCold    . . .     Faith    .   (no shield)
rNeg     + . .     Spirit   .   e - +3 scale mail "Alucum" {Fly rF+++ rCorr Int-2}
rPois    ∞         Reflect  +   (no helmet)
rElec    +         Harm     .   q - +1 cloak
rCorr    +         Rampage  .   C - +1 pair of gloves
Will     .....                  (no boots)
Stlth    +.........             a - amulet of reflection
HPRegen  0.16/turn              g - +6 ring of strength
MPRegen  0.15/turn              k - +6 ring of dexterity

@: on berserk cooldown, flying, slowed, very slow
A: reduced essence, sickness immunity, AC +6, negative energy resistance 1,
electricity resistance, torment resistance 1, petrification resistance
a: Renounce Religion, Recall Ancestor, Ancestor Identity


You were on level 1 of the Abyss.
You worshipped Hepliaklqana.
Hepliaklqana was aware of your devotion.
You visited 2 branches of the dungeon, and saw 9 of its levels.
You visited the Abyss 1 time.

You collected 236 gold pieces.

Inventory:

Hand Weapons
 m - a +0 hunting sling
 n - a +0 club
 o - a +0 dagger of flaming
 t - a +2 halberd of venom
 y - a +2 morningstar of holy wrath (weapon)
 B - the +5 longbow of Ru's Pride {vorpal, rF+ rN+}
   (You found it on level 5 of the Dungeon)

   Any ammunition fired from it inflicts extra damage upon your enemies.
   rF:        It protects you from fire.
   rN:        It protects you from negative energy.
Missiles
 c - 53 stones
 h - 9 poisoned darts (quivered)
Armour
 e - the +3 scale mail "Alucum" (worn) {Fly rF+++ rCorr Int-2}
   (You took it off a gnoll on level 4 of the Dungeon)

   Int:       It affects your intelligence (-2).
   rF:        It renders you almost immune to fire.
   Fly:       It grants you flight.
   rCorr:     It protects you from acid and corrosion.
 q - a +1 cloak (worn)
 s - a +0 scale mail
 C - a +1 pair of gloves (worn)
 H - a +2 chain mail of willpower
Jewellery
 a - an amulet of reflection (around neck)
 b - a +6 ring of strength
 g - a +6 ring of strength (left hand)
 i - an amulet of guardian spirit
 k - a +6 ring of dexterity (right hand)
 l - a ring of resist corrosion
Wands
 r - a wand of paralysis (7)
 u - a wand of flame (28)
 v - a wand of digging (6)
 G - a wand of iceblast (13)
Scrolls
 d - 3 scrolls of noise
 j - 2 scrolls of brand weapon
 w - a scroll of enchant weapon {unknown}
 x - a scroll of acquirement {unknown}
 z - 2 scrolls of identify
 F - a scroll of immolation {unknown}
Potions
 f - a potion of berserk rage
 p - a potion of haste
 A - a potion of might {unknown}
 D - a potion of curing {unknown}
 E - a potion of magic {unknown}


   Skills:
 + Level 5.3 Fighting
 + Level 3.0 Maces & Flails
 + Level 5.2 Armour
 - Level 1.5 Dodging
 - Level 2.1 Stealth
 + Level 4.8 Spellcasting
 + Level 5.0 Conjurations
 - Level 0.7 Transmutations
 * Level 9.3 Earth Magic
 + Level 1.8 Invocations


You had 11 spell levels left.
You knew the following spells:

 Your Spells              Type           Power      Damage    Failure   Level
a - Sandblast             Erth           66%        2d15      1%          1
b - Stone Arrow           Conj/Erth      52%        3d10      7%          3
c - Passwall              Tmut/Erth      16%        N/A       9%          2

Your spell library contained the following spells:

 Spells                   Type           Power      Damage    Failure   Level
 Foxfire                  Conj/Fire      44%        2x1d6     16%         1
 Lee's Rapid Deconstruct  Erth           16%        3d11*     26%         5
 Petrify                  Tmut/Erth      20%        N/A       47%         4
 Mephitic Cloud           Conj/Pois/Air  9%         N/A       54%         3
 Ignite Poison            Fire/Tmut/Pois 4%         N/A       75%         3
 Bolt of Magma            Conj/Fire/Erth 9%         4d7       86%         5
 Iron Shot                Conj/Erth      13%        9d3       98%         6
 Lightning Bolt           Conj/Air       5%         1d17      99%         5


Dungeon Overview and Level Annotations

Branches:
Dungeon (8/15)             Temple (1/1) D:7
   Lair: D:8-11

Altars:
Ashenzari
Cheibriados
Dithmenos
Elyvilon
Fedhas
Gozag
Hepliaklqana
Kikubaaqudgha
Makhleb
Nemelex Xobeh
Okawaru
Qazlal
Ru
Sif Muna
Trog
Uskayaw
Vehumet
Wu Jian
Xom
Yredelemnul
Zin
The Shining One

Shops:
D:7 !

Annotations:
D:2 Sigmund
D:3 exclusion: downstairs
D:7 exclusion: downstairs, Psyche


Innate Abilities, Weirdness & Mutations

Your life essence is reduced to manifest your ancestor. (-10% HP)
You are immune to sickness and miasma.
Your stone body is resilient. (AC +6)
You are immune to poison.
You resist negative energy. (rN+)
You are resistant to electric shocks. (rElec)
You are resistant to unholy torment.
You are immune to petrification.


Message History

Space bends around you.
* * * LOW HITPOINT WARNING * * *
A red film seems to cover your vision as you go berserk!
You feel yourself moving faster!
You feel mighty! Something hits you.
* * * LOW HITPOINT WARNING * * *
You are cast into the Abyss!
To return, you must find a gate leading back.
Killing monsters will force the Abyss to allow you passage.
This branch contains the abyssal rune of Zot.
Reactivating autopickup.
You feel a strong urge to attack something.
You feel your anger nearly subside.
You are no longer berserk.
You are exhausted.
You feel yourself slow down.
You start resting.
You are suddenly pulled into a different region of the Abyss!
Found a shiny chain mail.
Hepliaklqana forms a fragment of your life essence into the memory of your ancestor, Ealdgyð!
You can now recall your ancestor.
You can now remember your ancestor's identity.
Found a scroll of enchant armour.
You see here a +2 chain mail of willpower.
H - a +2 chain mail of willpower A starcursed mass comes into view.
A starcursed mass splits.
You swap places.
The starcursed mass barely misses Ealdgyð.
A starcursed mass splits.
A starcursed mass splits. x2
You feel a little less agile now. A chorus of shrieks assaults your mind.
* * * LOW HITPOINT WARNING * * *
A starcursed mass splits.
The starcursed mass touches Ealdgyð.
Ealdgyð hits the starcursed mass.
The starcursed mass shudders and withdraws towards its neighbour.
A starcursed mass splits.
Ealdgyð hits the starcursed mass but does no damage.
A starcursed mass splits.
A deafening chorus of shrieks assaults your mind!
You die...

# # ##. ..#
#.##.. ≈≈. #..#.
## ...# ≈≈≈#..#..
.##..##
≈..#....###.....#
...##.#.....#..#
#..........#.#
#...X.XX##..##
.#..##XX...@.#
#...XR.#.##.#
#..?#####.#.# #..
#.. ..... .## ..X
.#...#. # ##.
....#.#. #.
###..#.#.#. #
..#....... .# #.#
.#


You could see the friendly Ealdgyð the ancestor and 6 starcursed masses.

Vanquished Creatures
  Maggie (D:8)
  A slime creature (D:7)
  Eustachio (D:5)
  A steam dragon (D:8)
  2 ice beasts
  A hornet zombie (D:7)
  A centaur (D:7)
  2 black bears
  2 ogres
  A phantom (D:6)
  A gnoll sergeant (D:3)
  2 scorpions
  A wyvern zombie (D:5)
  A centaur zombie (D:7)
  A bullfrog zombie (D:6)
  2 centaur skeletons
  A hound (D:5)
  4 orc priests
  A jelly (D:4)
  A gnoll shaman (D:6)
  4 iguanas
  4 orc wizards
  A hound skeleton (D:6)
  15 adders
  7 gnolls
  A howler monkey simulacrum (D:7)
  4 white imps
  2 ufetubi
  The ghost of Nuatha the Sneak, a weakling DsDe (D:5)
  2 dart slugs
  2 worms
  16 orcs
  9 ball pythons
  5 endoplasms
  2 giant cockroaches (D:4)
  3 goblins (D:3)
  9 hobgoblins
  4 jackals (D:2)
  2 quokkas
  2 bats
  A frilled lizard (D:3)
  5 kobolds
  4 rats
133 creatures vanquished.

Notes
Turn   | Place    | Note
-------+----------+-------------------------------------------
     0 | D:1      | AarnesTheHuman the Gargoyle Earth Elementalist began the
                  | quest for the Orb.
     0 | D:1      | Reached XP level 1. HP: 10/10 MP: 3/3
   646 | D:2      | Reached XP level 2. HP: 16/16 MP: 1/5
   667 | D:1      | Reached skill level 4 in Earth Magic
   774 | D:2      | Noticed Sigmund
   816 | D:2      | Found a faded altar of an unknown god.
   907 | D:2      | Reached skill level 1 in Fighting
   907 | D:2      | Reached skill level 1 in Armour
   924 | D:1      | Reached XP level 3. HP: 16/20 MP: 0/6
   928 | D:1      | Learned a level 3 spell: Stone Arrow
   931 | D:1      | Learned a level 2 spell: Passwall
  1705 | D:3      | Reached XP level 4. HP: 22/25 MP: 3/7
  1769 | D:3      | Reached skill level 1 in Conjurations
  2918 | D:4      | Reached XP level 5. HP: 30/30 MP: 3/8
  2922 | D:4      | Reached skill level 5 in Earth Magic
  3047 | D:4      | Found an ancient bone altar of Kikubaaqudgha.
  3048 | D:4      | Noticed a black bear
  3555 | D:4      | Noticed an ogre
  3559 | D:4      | Killed an ogre
  3695 | D:4      | Reached XP level 6. HP: 18/35 MP: 4/10
  4116 | D:4      | Identified the +3 scale mail "Alucum" {Fly rF+++ rCorr
                  | Int-2}
  4502 | D:3      | Killed a black bear
  4853 | D:4      | Reached skill level 6 in Earth Magic
  5340 | D:3      | Reached XP level 7. HP: 27/41 MP: 8/11
  5518 | D:4      | Found an ancient bone altar of Kikubaaqudgha.
  5850 | D:5      | Entered Level 5 of the Dungeon
  6933 | D:5      | Reached skill level 7 in Earth Magic
  6978 | D:5      | Reached XP level 8. HP: 47/47 MP: 11/13
  7350 | D:5      | Found a runed translucent door.
  7352 | D:5      | Noticed Nuatha's ghost (weakling DsDe)
  7365 | D:5      | Killed Nuatha's ghost
  7507 | D:5      | Identified the +5 longbow of Ru's Pride {vorpal, rF+ rN+}
  7583 | D:6      | Noticed Eustachio
  7619 | D:5      | Killed Eustachio
  7620 | D:5      | Reached skill level 1 in Maces & Flails
  7734 | D:6      | Found a hide-covered altar of Uskayaw.
  7799 | D:6      | Reached skill level 8 in Earth Magic
  8177 | D:6      | Found a basalt altar of Yredelemnul.
  8996 | D:7      | Reached XP level 9. HP: 36/52 MP: 12/15
  9104 | D:7      | Found Timupp's Distillery.
  9532 | D:7      | Found a staircase to the Ecumenical Temple.
  9537 | Temple   | Entered the Ecumenical Temple
  9880 | Temple   | Became a worshipper of Hepliaklqana the Forgotten
 10144 | D:7      | Found a snail-covered altar of Cheibriados.
 10319 | D:7      | Reached skill level 5 in Fighting
 10319 | D:7      | Reached skill level 1 in Invocations
 10394 | D:7      | Reached skill level 9 in Earth Magic
 10668 | D:7      | Got Siucut's Compendium of Invincibility
 10811 | D:8      | Noticed Psyche
 10866 | D:8      | Noticed Maggie
 10874 | D:8      | Killed Maggie
 10875 | D:8      | Reached skill level 5 in Armour
 11040 | D:8      | Reached skill level 5 in Conjurations
 11279 | D:7      | Cast into level 1 of the Abyss (Psyche)
 11288 | Abyss:1  | Reached * piety under Hepliaklqana
 11295 | Abyss:1  | Noticed a starcursed mass
 11303 | Abyss:1  | Killed from afar by a starcursed mass

Illustrated notes

Levels and vault maps discovered:
D:1:      saegor_arrival_simple_b, layout_basic, serial_bayou_pond_d,
          corner_web_ring
D:2:      layout_loops_ring, ebering_ecumenical_altar_webs, uniq_sigmund
D:3:      layout_basic, minmay_distorted
D:4:      layout_loops_corners, kiku_gazebo_pond_becter, lightli_minifort
D:5:      layout_basic, ebering_ghost_sewer_d
D:6:      layout_gridville, lemuel_round_altar,
          mainiacjoe_overflow_tiny_flanked, hangedman_decor_push, uniq_eustachio
D:7:      nzn_winding_woodlands_small [nzn_winding_woodlands_5x15_zeroes,
          nzn_winding_woodlands_center_diamonds,
          nzn_winding_woodlands_5x15_default], layout_basic,
          mainiacjoe_overflow_alcove_4, minmay_temple_entry_statues_pillars,
          serial_shops, nicolae_stop_n_shop_2
D:8:      layout_basic, uniq_psyche, uniq_maggie
Temple:   dpeg_five_rooms_temple
Abyss:1:  base: D:6, evilmike_abyss_exit_kraken

Skill      XL: |  1  2  3  4  5  6  7  8  9 |
---------------+----------------------------+-----
Earth Magic    | 4 5 6 7 8 9 |  9.3
Fighting       | 1 2 3 4 5 |  5.3
Armour         | 1 2 3 4 5 |  5.2
Conjurations   | 1 2 3 4 5 |  5.0
Spellcasting   | 3 4 |  4.8
Maces & Flails | 2 3 |  3.0
Invocations    | 1 |  1.8
Dodging        | |  1.5
Stealth        | |  2.1
Transmutations | |  0.7

Action                   |  1- 3 |  4- 6 |  7- 9 || total
-------------------------+-------+-------+-------++-------
Melee: Unarmed           |     4 |       |       ||     4
       Club              |     1 |       |       ||     1
       Dagger            |       |    52 |    91 ||   143
       Morningstar       |       |       |   117 ||   117
Throw: Dart              |       |     2 |    24 ||    26
 Cast: Sandblast         |    47 |    78 |    82 ||   207
       Stone Arrow       |       |       |     8 ||     8
  Use: Scroll            |       |     7 |       ||     7
       Potion            |       |       |     1 ||     1
 Stab: Distracted        |       |     1 |       ||     1
Armor: Robe              |     5 |     3 |       ||     8
       Leather armour    |       |    12 |       ||    12
       Scale mail        |       |    17 |   192 ||   209
Dodge: Dodged            |    15 |    44 |   142 ||   201
Block: Other             |     3 |    19 |    78 ||   100
       Reflection        |       |       |     2 ||     2
